 Dungeon Crawl Stone Soup version 0.19.1-1-g22dce08 (webtiles) character file.

438 Alarkh the Caller (level 6, -5/41 HPs)
             Began as a Mummy Summoner on Jan 10, 2017.
             Slain by Duvessa
             ... wielding a +1 short sword of venom
              (7 damage)
             ... on level 4 of the Dungeon.
             The game lasted 00:08:00 (4534 turns).

Alarkh the Caller (Mummy Summoner)                  Turns: 4534, Time: 00:08:02

Health: -5/41      AC:  2    Str: 11    XL:     6   Next: 69%
Magic:  12/13      EV: 12    Int: 17    God:
Gold:   206        SH:  0    Dex: 12    Spells: 3 memorised, 7 levels left

rFire  x . .     SeeInvis .     k - +0 spear
rCold  + . .     Gourm    .     a - +0 robe
rNeg   + + +     Faith    .     (no shield)
rPois  ∞         Spirit   .     (no helmet)
rElec  .         Reflect  .     (no cloak)
rCorr  .         Harm     .     (no gloves)
MR     +....                    (no boots)
Stlth  ++........               (no amulet)
                                (no ring)
                                j - ring of protection from magic

@: no status effects
A: no food or potions, fire vulnerability, cold resistance 1, negative energy
resistance 3, torment resistance, unbreathing
a: no special abilities


You were on level 4 of the Dungeon.
You were not hungry.

You visited 1 branch of the dungeon, and saw 4 of its levels.

You collected 206 gold pieces.

Inventory:

Hand Weapons
 c - a +2 dagger of flaming
 k - a +0 spear (weapon)
Armour
 a - a +0 robe (worn)
 n - a +0 helmet
Jewellery
 j - a ring of protection from magic (left hand)
Scrolls
 d - a scroll of fog
 e - a scroll of identify
 f - a scroll of teleportation
 g - a scroll of remove curse
 h - 3 scrolls of enchant weapon
 i - a scroll of amnesia
 l - a scroll of fear
 m - a scroll of random uselessness
 o - a scroll of enchant armour {unknown}
Books
 b - a book of Callings

   Spells                             Type                      Level
   a - Summon Small Mammal            Summoning                    1
   b - Call Imp                       Summoning                    2
   c - Call Canine Familiar           Summoning                    3
   d - Summon Guardian Golem          Hexes/Summoning              3
   e - Summon Lightning Spire         Summoning/Air                4
   f - Summon Ice Beast               Ice/Summoning                4


   Skills:
 - Level 1.5 Dodging
 - Level 1.5 Stealth
 + Level 4.9 Spellcasting
 + Level 5.2 Summonings


You had 7 spell levels left.
You knew the following spells:

 Your Spells              Type           Power        Failure   Level  Hunger
a - Call Canine Familiar  Summ           ###.....     6%          3    N/A
b - Summon Small Mammal   Summ           ###.         1%          1    N/A
c - Summon Guardian Gole  Hex/Summ       ##......     17%         3    N/A

Dungeon Overview and Level Annotations

Branches:
Dungeon (4/15)
 Temple: D:4-7

Altars:
Trog

Annotations:
D:4 Duvessa


Innate Abilities, Weirdness & Mutations

You do not eat or drink.
Your flesh is vulnerable to fire.
You are immune to poison.
Your flesh is cold resistant. (rC+)
You are immune to negative energy. (rN+++)
You are immune to unholy pain and torment.
You can survive without breathing.


Message History

Duvessa hits you with a short sword of venom!
Your hound bites Duvessa.
You are too injured to fight recklessly!
You closely miss Duvessa.
Duvessa is almost dead.
Your hound bites Duvessa but does no damage.
Duvessa hits you with a short sword of venom!
* * * LOW HITPOINT WARNING * * *
You hit Duvessa but do no damage.
Duvessa is almost dead.
Your hound bites Duvessa.
Duvessa closely misses your hound.
Your hound misses Duvessa. You hit Duvessa but do no damage.
Duvessa is almost dead.
Your hound bites Duvessa.
Duvessa hits you with a short sword of venom.
* * * LOW HITPOINT WARNING * * *
Your hound bites Duvessa but does no damage.
Duvessa hits you with a short sword of venom!
You die...

##.....##.........#
##..#..<..........#
..................#
.<..........)....%#
.....####.........#
.....# #.........#
.....# #.#########
.....####.########
.....##...[....h@#
.....##........e.#
#######..........#
#.........(#
#.......[..#
#..........#
###'########
#.#####
######.....#


You could see Duvessa and a friendly hound.

Vanquished Creatures
  A phantom (D:4)
  A hound (D:4)
  An orc priest (D:4)
  2 adders (D:2)
  A howler monkey skeleton (D:4)
  An ooze (D:4)
  A leopard gecko (D:1)
  4 orcs (D:3)
  3 ball pythons
  3 giant cockroaches
  9 goblins
  6 hobgoblins
  A jackal (D:3)
  A quokka (D:2)
  6 bats
  A frilled lizard (D:1)
  6 kobolds
  5 rats
53 creatures vanquished.

Vanquished Creatures (collateral kills)
  Grinder (D:3)
  A scorpion (D:4)
  Dowan (D:4)
  An iguana (D:4)
  An orc wizard (D:4)
  Robin (D:3)
  2 adders (D:2)
  An ooze (D:2)
  2 dart slugs
  2 leopard geckos
  3 orcs
  7 bats
  5 goblins
  8 hobgoblins
  5 jackals
  2 quokkas (D:3)
  A frilled lizard (D:3)
  5 kobolds
  A rat (D:3)
  A fungus (D:1)
51 creatures vanquished.

Grand Total: 104 creatures vanquished

Notes
Turn   | Place    | Note
-------+----------+-------------------------------------------
     0 | D:1      | Alarkh the Mummy Summoner began the quest for the Orb.
     0 | D:1      | Reached XP level 1. HP: 13/13 MP: 3/3
   498 | D:1      | Reached XP level 2. HP: 19/19 MP: 0/5
  1350 | D:2      | Reached XP level 3. HP: 23/24 MP: 3/6
  1355 | D:2      | Learned a level 3 spell: Call Canine Familiar
  1375 | D:2      | Learned a level 3 spell: Summon Guardian Golem
  1810 | D:2      | Reached skill level 4 in Summonings
  1979 | D:2      | Found a bloodstained altar of Trog.
  2126 | D:2      | Reached XP level 4. HP: 23/30 MP: 4/8
  2454 | D:3      | Noticed Grinder
  2476 | D:3      | Noticed Robin
  3366 | D:3      | Killed Robin
  3373 | D:3      | Paralysed by Grinder for 3 turns
  3397 | D:3      | Killed Grinder
  3397 | D:3      | Reached XP level 5. HP: 24/35 MP: 2/11
  3476 | D:3      | Found a bloodstained altar of Trog.
  3662 | D:4      | Reached XP level 6. HP: 37/41 MP: 6/12
  4016 | D:4      | Reached skill level 5 in Summonings
  4272 | D:4      | Noticed Dowan
  4318 | D:4      | Killed Dowan
  4428 | D:4      | Noticed Duvessa
  4534 | D:4      | HP: 2/41 [Duvessa/short sword of venom (6)]
  4534 | D:4      | Slain by Duvessa

Skill      XL: |  1  2  3  4  5  6 |
---------------+-------------------+-----
Spellcasting   | 3 4 |  4.9
Summonings     | 4 5 |  5.2
Dodging        | |  1.5
Stealth        | |  1.5

Action                   |  1- 3 |  4- 6 || total
-------------------------+-------+-------++-------
Melee: Dagger            |    99 |     3 ||   102
       Unarmed           |     3 |       ||     3
       Spear             |       |   175 ||   175
 Cast: Summon Small Mamm |    35 |       ||    35
       Call Canine Famil |     8 |    38 ||    46
  Use: Scroll            |     4 |     3 ||     7
 Stab: Sleeping          |     2 |     2 ||     4
       Distracted        |     1 |     1 ||     2
Armor: Robe              |    29 |    23 ||    52
Dodge: Dodged            |    96 |   135 ||   231
